 Dungeon Crawl Stone Soup version 0.29.1-15-g9cfb28693d (webtiles) character file.

Game seed: 7354723080831907885

23 ThatPearl the Trooper (level 3, -3/30 HPs)
             Began as a Formicid Abyssal Knight on Mar 14, 2023.
             Was a Believer of Lugonu.
             Slain by Terence
             ... wielding a +3 hand axe
              (5 damage)
             ... on level 1 of the Dungeon.
             The game lasted 00:02:39 (1181 turns).

ThatPearl the Trooper (Formicid Abyssal Knight)     Turns: 1181, Time: 00:02:40

Health: -3/30      AC:  5    Str: 17    XL:     3   Next: 12%
Magic:  3/5        EV: 10    Int: 11    God:    Lugonu [**....]
Gold:   50         SH:  0    Dex: 14    Spells: 2/2 levels left

rFire   . . .      SeeInvis +   a - +1 hand axe
rCold   . . .      Faith    .   (no shield)
rNeg    . . .      Spirit   .   k - +0 ring mail
rPois   .          Reflect  .   (helmet unavailable)
rElec   .          Harm     .   (no cloak)
rCorr   .          Rampage  .   (no gloves)
Will    .....                   (no boots)
Stlth   +.........              (no amulet)
HPRegen 0.10/turn               (no ring)
MPRegen 0.09/turn               (no ring)

@: attractive, flying
A: permanent stasis, dig shafts and tunnels, antennae 3, four strong arms
a: Dig, Shaft Self, Renounce Religion, Depart the Abyss, Bend Space


You were on level 1 of the Dungeon.
You worshipped Lugonu.
Lugonu was pleased with you.
You visited 1 branch of the dungeon, and saw 2 of its levels.
You visited the Abyss 1 time.

You collected 50 gold pieces.

Inventory:

Hand Weapons
 a - a +1 hand axe (weapon)
Missiles
 i - 3 poisoned darts
Armour
 k - a +0 ring mail (worn)
Jewellery
 c - an amulet of faith
Scrolls
 e - 2 scrolls of identify {unknown}
 f - a scroll of enchant armour {unknown}
 j - a scroll of teleportation {unknown}


   Skills:
 + Level 3.7 Fighting
 + Level 2.5 Axes
 - Level 2.1 Armour
 - Level 0.8 Dodging
 + Level 2.9 Invocations


You had 2 spell levels left.
You didn't know any spells.
Your spell library contained the following spells:

 Spells                   Type           Power      Damage    Failure   Level
 Ensorcelled Hibernation  Hex/Ice        0%         N/A       67%         2
 Passwall                 Tmut/Erth      0%         N/A       67%         2
 Swiftness                Air            Unusable   N/A       N/A         3

Dungeon Overview and Level Annotations

Branches:
Dungeon (2/15)

Altars:

Annotations:
D:1 Terence


Innate Abilities, Weirdness & Mutations

You cannot be hasted, slowed, berserked, paralysed or teleported.
You can dig through walls and to a lower floor.
You have a pair of large antennae on your head. (SInv)
Your four strong arms can wield two-handed weapons with a shield.


Message History

Terence is lightly wounded.
Terence hits you with a +3 hand axe.
You hit Terence.
Terence is moderately wounded.
Terence closely misses you.
You hit Terence.
Terence is heavily wounded.
Terence hits you with a +3 hand axe. x2
* * * LOW HITPOINT WARNING * * *
You hit Terence but do no damage.
Terence is heavily wounded.
Terence hits you with a +3 hand axe.
* * * LOW HITPOINT WARNING * * *
Space bends violently around you!
You blink.
Non-targeted abil: Dig
Press: ? - help, Q - select action, (/) - cycle Dir - look around, f - activate
Okay, then.
It was a potion of attraction.
You feel attractive to monsters.
It was a potion of flight.
You feel very buoyant.
You fly up into the air.
Terence hits you but does no damage.
Okay, then.
You aren't carrying any items that you can evoke.
You aren't carrying any potions.
As you read the scroll labelled WARENO VUPLODD, it crumbles to dust.
The scroll dissolves into smoke.
It was a scroll of fog.
Terence barely misses you. Space bends violently around you!
You blink.
Terence is attracted toward you. Terence attacks as you move away!
Terence closely misses you.
You closely miss Terence.
Terence is moderately wounded.
Terence hits you but does no damage.
You barely miss Terence.
Terence is moderately wounded.
Terence barely misses you.
You hit Terence but do no damage.
Terence is moderately wounded.
Terence hits you with a +3 hand axe.
You die...

....'..##~~..#......###.#
..##########.#.>...## #.#
<.#♣ #.###...# #.# ..# {
##.###...## #.# ###
#.........# #.#
#..####.#.# #.#
#..##.....# #.#
#..##.#§#§###.# ##
#.....@§§§....# .########
#.###§#@#§#####
.##.....##### ##§§§§#
.##.#..~≈≈≈≈## ####§#
.##..~~≈~~≈≈≈### #§#
..#..~~≈~~≈≈≈≈≈# #§#
.....~≈~~≈≈≈≈### #.#
..##.~≈≈~##### #.#
.###.~~~~~.# #.#


You could see Terence.

Vanquished Creatures
  A dart slug (D:1)
  3 endoplasms (D:1)
  2 giant cockroaches (D:1)
  A hobgoblin (D:1)
  A quokka (D:1)
  2 ball pythons (D:1)
  3 bats (D:1)
  2 goblins (D:1)
  2 kobolds (D:1)
  2 rats (D:1)
19 creatures vanquished.

Notes
Turn   | Place    | Note
-------+----------+-------------------------------------------
     0 | Abyss:1  | ThatPearl the Formicid Abyssal Knight began the quest for
                  | the Orb.
     0 | Abyss:1  | Reached XP level 1. HP: 18/18 MP: 2/2
     1 | D:1      | Escaped the Abyss
   212 | D:1      | Reached XP level 2. HP: 23/24 MP: 3/3
   736 | D:1      | Reached XP level 3. HP: 20/30 MP: 5/5
  1163 | D:2      | Noticed Terence
  1181 | D:1      | Slain by Terence

Illustrated notes

Levels and vault maps discovered:
D:1:      sevenhm_arrival_forest_fort_small_1, layout_loops_ring,
          chequers_serial_rivers_large_a, minmay_pentomino_q4
D:2:      layout_loops_ring, serial_shops, shop, uniq_sigmund, uniq_terence,
          uniq_robin

Action                   || total
-------------------------++-------
Melee: Hand axe          ||    64
Invok: Bend Space        ||     2
  Use: Potion            ||     2
       Scroll            ||     1
Armor: Leather armour    ||    15
       Ring mail         ||     5
Dodge: Dodged            ||    37
